 Dungeon Crawl Stone Soup version 0.29.1-debian-1-gc3f1650bb9 (webtiles) character file.

Game seed: 3796723673805560085

18 Newt the Ducker (level 2, 0/22 HPs)
             Began as a Demonspawn Gladiator on Sept 12, 2022.
             Slain by a kobold
             ... wielding a +0 whip
              (5 damage)
             ... on level 1 of the Dungeon.
             The game lasted 00:01:11 (633 turns).

Newt the Ducker (Demonspawn Gladiator)               Turns: 633, Time: 00:01:12

Health: 0/22       AC:  4    Str: 14    XL:     2   Next: 48%
Magic:  2/2        EV: 12    Int: 11    God:
Gold:   42         SH:  0    Dex: 14    Spells: 1/1 levels left

rFire   . . .      SeeInvis .   a - +0 rapier
rCold   . . .      Faith    .   (no shield)
rNeg    . . .      Spirit   .   b - +0 leather armour
rPois   .          Reflect  .   c - +0 helmet
rElec   .          Harm     .   (no cloak)
rCorr   .          Rampage  .   (no gloves)
Will    .....                   (no boots)
Stlth   ++........              (no amulet)
HPRegen 0.07/turn               (no ring)
MPRegen 0.08/turn               (no ring)

@: no status effects
A: big brain 1
a: no special abilities


You were on level 1 of the Dungeon.
You visited 1 branch of the dungeon, and saw 1 of its levels.

You collected 42 gold pieces.

Inventory:

Hand Weapons
 a - a +0 rapier (weapon)
Missiles
 h - 3 atropa-tipped darts (quivered)
Armour
 b - a +0 leather armour (worn)
 c - a +0 helmet (worn)
Jewellery
 i - an amulet of regeneration
Scrolls
 g - a scroll of poison {unknown}
Potions
 f - a potion of curing


   Skills:
 * Level 2.2 Fighting
 - Level 2.6 Short Blades
 - Level 1.7 Throwing
 - Level 2.6 Dodging
 - Level 2.0 Stealth


You had one spell level left.
You didn't know any spells.
Your spell library was empty.

Dungeon Overview and Level Annotations

Branches:
Dungeon (1/15)

Altars:


Innate Abilities, Weirdness & Mutations

You have an unusually large brain. (Int +2)


Message History

You completely miss the kobold.
The kobold is moderately wounded.
The kobold hits you with a +0 whip.
* * * LOW HITPOINT WARNING * * *
The kobold closely misses you.
You completely miss the kobold.
The kobold is moderately wounded.
The kobold barely misses you.
You closely miss the kobold.
The kobold is moderately wounded.
The kobold hits you but does no damage.
You closely miss the kobold.
The kobold is moderately wounded.
The kobold hits you with a +0 whip.
* * * LOW HITPOINT WARNING * * *
You barely miss the kobold.
The kobold is moderately wounded.
The kobold closely misses you.
Unknown command.
Throw: throwing net
Press: ? - help, Q - select action, (/) - cycle Shift-Dir - straight line, f/p - rat
Aim: a rat (heavily wounded, 59% to hit)
You throw a throwing net.
The throwing net closely misses the kobold.
The throwing net hits the rat.
The rat is caught in the net!
The rat is heavily wounded.
The rat struggles against the net.
The kobold hits you with a +0 whip.
* * * LOW HITPOINT WARNING * * *
Unknown command.
You feel better. The kobold hits you but does no damage.
The rat struggles against the net.
You barely miss the kobold.
The kobold is moderately wounded.
The kobold hits you with a +0 whip.
* * * LOW HITPOINT WARNING * * *
The rat struggles against the net.
You hit the kobold.
The kobold is severely wounded.
The kobold hits you with a +0 whip.
You die...

... .........#
...###........#
..............# #...#
............. #...#
...>..... ####### #....
##..#.# #.. ..# #...#
#..B..# #.#... #...#
#...#.#####.#.#.#.####...#
#.#(...rK@................
#.###..B###.#.#.#.........
......#?..#.###########.##
##.##.$###.#.##............
#...# #...#..........⌠..
#..## ###.#......⌠......
#.. ###.##.......[.... ...
#....##..⌠...⌠...⌠
....#.....##..........


You could see a giant cockroach, a kobold and a rat (caught).

Vanquished Creatures
  2 ball pythons (D:1)
  2 bats (D:1)
  3 endoplasms (D:1)
  2 goblins (D:1)
  A kobold (D:1)
  5 frilled lizards (D:1)
  2 rats (D:1)
17 creatures vanquished.

Notes
Turn   | Place    | Note
-------+----------+-------------------------------------------
     0 | D:1      | Newt the Demonspawn Gladiator began the quest for the Orb.
     0 | D:1      | Reached XP level 1. HP: 16/16 MP: 1/1
   108 | D:1      | Reached skill level 1 in Stealth
   312 | D:1      | Gained mutation: You have an unusually large brain. (Int
                  | +2) [demonic ancestry]
   312 | D:1      | Reached XP level 2. HP: 14/22 MP: 2/2
   476 | D:1      | Found a faded altar of an unknown god.
   630 | D:1      | HP: 1/22 [kobold/+0 whip (2)]
   633 | D:1      | Slain by a kobold

Illustrated notes

Levels and vault maps discovered:
D:1:      dpeg_arrival_lava_temple_mockup, layout_basic, serial_shops,
          nicolae_shop_trees, shapermc_ecumenical_altar_petra

Skill      XL: |  1  2 |
---------------+-------+-----
Stealth        | 1 2 |  2.0
Fighting       | |  2.2
Short Blades   | |  2.6
Throwing       | |  1.7
Dodging        | |  2.6

Action                   || total
-------------------------++-------
Melee: Rapier            ||    51
Throw: Throwing net      ||     4
       Javelin           ||     2
  Use: Potion            ||     2
Armor: Leather armour    ||    15
Dodge: Dodged            ||    38
